 Dungeon Crawl Stone Soup version 0.19.1-1-g22dce08 (webtiles) character file.

0 Gargoyl the Skirmisher (level 1, -32/19 HPs)
             Began as a Ghoul Abyssal Knight on Jan 6, 2017.
             Was a Follower of Lugonu.
             Killed from afar by a deep elf sorcerer (41 damage)
             ... with damnation
             ... on level 1 of the Abyss.
             The game lasted 00:01:11 (279 turns).

Gargoyl the Skirmisher (Ghoul Abyssal Knight)        Turns: 279, Time: 00:01:11

Health: -32/19     AC:  3    Str: 15    XL:     1   Next: 0%
Magic:  1/1        EV: 11    Int:  7    God:    Lugonu [*.....]
Gold:   0          SH:  0    Dex:  8    Spells: 0 memorised, 0 levels left

rFire  . . .     SeeInvis .     a - +1 hand axe
rCold  + . .     Gourm    .     b - +0 leather armour
rNeg   + + +     Faith    .     (no shield)
rPois  ∞         Spirit   .     (no helmet)
rElec  .         Reflect  .     (no cloak)
rCorr  .         Harm     .     (no gloves)
MR     .....                    (no boots)
Stlth  +.........               (no amulet)
                                (no ring)
                                (no ring)

@: rotting
A: rotting body, claws 1, carnivore 3, cold resistance 1, negative energy
resistance 3, slow regeneration 1, torment resistance, unbreathing
a: Depart the Abyss, Renounce Religion


You were on level 1 of the Abyss.
You worshipped Lugonu.
Lugonu was aware of your devotion.
You were not hungry.

You visited 0 branches of the dungeon, and saw 0 of its levels.
You visited the Abyss 1 time.

Inventory:

Hand Weapons
 a - a +1 hand axe (weapon)
Armour
 b - a +0 leather armour (worn)
Comestibles
 c - a meat ration


   Skills:
 + Level 3.2 Fighting
 + Level 1.7 Axes
 + Level 1.7 Armour
 + Level 0.8 Dodging
 + Level 2.0 Invocations


You couldn't memorise any spells.
You didn't know any spells.

Dungeon Overview and Level Annotations

Branches:
Dungeon (0/15)

Altars:


Innate Abilities, Weirdness & Mutations

Your body is rotting away.
You thrive on raw meat.
You are immune to poison.
You have sharp fingernails.
You are carnivorous and can eat meat at any time.
Your flesh is cold resistant. (rC+)
You are immune to negative energy. (rN+++)
You regenerate slowly when monsters are visible.
You are immune to unholy pain and torment.
You can survive without breathing.


Message History

The starspawn tentacle grabs you. The starspawn tentacle constricts you.
You escape the starspawn tentacle's grasp.
The starspawn tentacle closely misses you.
The starspawn tentacle grabs you. The starspawn tentacle constricts you.
The starspawn tentacle's grasp on you weakens, but your attempt to escape fails.
The starspawn tentacle constricts you.
The starspawn tentacle loses its grip on you.
The tentacle pulls you backwards!
The deep elf sorcerer gestures at you while chanting.
The bolt of acid misses you.
The bolt of acid hits the starspawn tentacle segment.
The starspawn tentacle segment is splashed with acid.
The starspawn tentacle segment is destroyed!
A tentacle flies out from the starspawn's body!
A starspawn tentacle comes into view.
A small abomination comes into view.
The deep elf sorcerer casts a spell at you.
The sphere of damnation explodes!
The damnation engulfs you!
Ouch! That really hurt!
You die...

... #.. ..#..#.
#...###...###...
.....#...(.# .#
..............###
##......... ..# #
# ...............
.#..####.....#
...# .#
...x....#...###...
##. .
#@.....#.....# .#
##.............###
#.w.X.........#
#..V.w........#
#e....#.....#..#
##...###...## . .
#.....#.. . . .
#.........[...
#.............


You could see a tentacled starspawn, a deep elf sorcerer, a small abomination
and 2 starspawn tentacles.

Vanquished Creatures (others)
  3 starspawn tentacles (Abyss:1)
3 creatures vanquished.

Notes
Turn   | Place    | Note
-------+----------+-------------------------------------------
     0 | Abyss:1  | Gargoyl the Ghoul Abyssal Knight began the quest for the Orb.
     0 | Abyss:1  | Reached XP level 1. HP: 19/19 MP: 1/1
   121 | Abyss:1  | Noticed a white very ugly thing
   121 | Abyss:1  | Noticed a small abomination
   133 | Abyss:1  | Noticed a large abomination
   176 | Abyss:1  | Found a burning altar of Makhleb.
   231 | Abyss:1  | Noticed a titan skeleton
   250 | Abyss:1  | Noticed a tentacled starspawn
   262 | Abyss:1  | Noticed a tentacled starspawn
   270 | Abyss:1  | Noticed a deep elf sorcerer
   279 | Abyss:1  | Noticed a small abomination
   279 | Abyss:1  | Killed from afar by a deep elf sorcerer

Action                   || total
-------------------------++-------
Dodge: Dodged            ||     3
